 Dungeon Crawl Stone Soup version 0.24.1-14-gf8d2b509d9 (webtiles) character file.

Game seed: 10885837253743231175, levelgen mode: deterministic

4132 Gruesph the Grappler (level 10, 0/77 HPs)
             Began as a Pale Draconian Transmuter on May 20, 2020.
             Was an Elder of Okawaru.
             Slain by Erica
             ... wielding a +4 scimitar of flaming
              (2 damage)
             ... on level 8 of the Dungeon.
             The game lasted 00:34:28 (9559 turns).

Gruesph the Grappler (Pale Draconian Transmuter)    Turns: 9559, Time: 00:34:28

Health: 0/77       AC: 14    Str: 14    XL:     10   Next: 6%
Magic:  9/17       EV: 22    Int: 15    God:    Okawaru [****..]
Gold:   195        SH:  0    Dex: 17    Spells: 4/19 levels left

rFire    + . .     SeeInvis .     - Unarmed
rCold    . . .     Gourm    .   (no shield)
rNeg     . . .     Faith    .   (armour unavailable)
rPois    .         Spirit   .   F - +2 hat
rElec    .         Reflect  +   (no cloak)
rCorr    .         Harm     .   G - +2 pair of gloves
MR       +....                  g - +1 pair of boots {Fly}
Stlth    +++.......             C - +6 amulet of reflection
HPRegen  0.22/turn              b - ring of protection from fire
MPRegen  0.15/turn              v - ring of protection from magic (curse)

@: confused, agile, appendage, heroism
A: breathe steam, unfitting armour, horns 2, cold-blooded, AC +7
a: Breathe Steam, End Transformation, Heroism, Renounce Religion, Evoke Flight


You were on level 8 of the Dungeon.
You worshipped Okawaru.
Okawaru was greatly pleased with you.
You were hungry.
You had grown temporary horns.
You visited 2 branches of the dungeon, and saw 9 of its levels.

You collected 426 gold pieces.
You spent 231 gold pieces at shops.

Inventory:

Missiles
 a - 177 arrows
 d - 22 poisoned darts
 p - 361 stones (quivered)
 z - 3 throwing nets
Armour
 g - a +1 pair of boots of flying (worn)
 F - a +2 hat (worn)
 G - a +2 pair of gloves (worn)
Jewellery
 b - a ring of protection from fire (left hand)
 v - a cursed ring of protection from magic (right hand)
 y - an uncursed ring of positive energy
 C - a +6 amulet of reflection (around neck)
Wands
 h - a wand of random effects (7)
 l - a wand of scattershot (8)
 m - a wand of clouds (2)
 B - a wand of flame (12)
Scrolls
 e - 2 scrolls of enchant weapon
 i - 2 scrolls of fear
 j - a scroll of acquirement {unknown}
 k - a scroll of magic mapping
 o - 4 scrolls of teleportation
 r - 4 scrolls of remove curse
 s - 2 scrolls of amnesia
 x - a scroll of vulnerability
 D - 3 scrolls of blinking
Potions
 c - 2 potions of curing
 n - 3 potions of might
 q - a potion of magic
 t - a potion of lignification
 u - a potion of brilliance {unknown}
 w - a potion of cancellation {unknown}
 A - 2 potions of agility
 E - a potion of ambrosia
 H - a potion of resistance {unknown}
Comestibles
 f - 15 rations


   Skills:
 + Level 3.3(8.3) Fighting
 - Level 1.7(6.7) Dodging
 - Level 2.0(7.0) Stealth
 + Level 9.4(14.4) Unarmed Combat
 - Level 5.0 Spellcasting
 + Level 7.1 Transmutations
 - Level 3.0 Ice Magic
 - Level 3.4 Poison Magic
 - Level 5.0 Evocations


You had 4 spell levels left.
You knew the following spells:

 Your Spells              Type           Power        Failure   Level  Hunger
a - Beastly Appendage     Tmut           ####..       1%          1    None
b - Sticks to Snakes      Tmut           ####....     1%          2    ##.....
c - Spider Form           Tmut/Pois      ###.......   5%          3    ###....
d - Ice Form              Ice/Tmut       ###.....     21%         4    ####...
e - Blade Hands           Tmut           ####......   24%         5    ######.

Your spell library contained the following spells:

 Spells                   Type           Power        Failure   Level  Hunger
 Animate Skeleton         Necr           N/A          16%         1    None
 Apportation              Tloc           #.....       16%         1    None
 Confusing Touch          Hex            #.....       16%         1    None
 Flame Tongue             Conj/Fire      #....        16%         1    None
 Magic Dart               Conj           #...         16%         1    None
 Summon Small Mammal      Summ           #...         16%         1    None
 Searing Ray              Conj           #.....       24%         2    ##.....
 Throw Flame              Conj/Fire      #.....       24%         2    ##.....
 Conjure Flame            Conj/Fire      #.......     43%         3    ###....
 Dazzling Spray           Conj/Hex       #.....       43%         3    ###....
 Inner Flame              Hex/Fire       #.......     43%         3    ###....
 Force Lance              Conj/Tloc      #.......     85%         4    ####...
 Fulminant Prism          Conj/Hex       #.........   85%         4    ####...
 Iskenderun's Mystic Bla  Conj           #.......     85%         4    ####...
 Sticky Flame             Conj/Fire      #.......     85%         4    ####...
 Fireball                 Conj/Fire      #.........   99%         5    ######.


Dungeon Overview and Level Annotations

Branches:
Dungeon (8/15)             Temple (1/1) D:7
   Lair: D:8-11

Altars:
Ashenzari
Cheibriados
Dithmenos
Elyvilon
Fedhas
Gozag
Hepliaklqana
Kikubaaqudgha
Makhleb
Nemelex Xobeh
Okawaru
Ru
Sif Muna
Trog
Uskayaw
Vehumet
Wu Jian
Xom
Yredelemnul
Zin
The Shining One

Shops:
D:5 [

Annotations:
D:3 2 transporters, Peloso's ghost, amateur DsFi
D:5 Menkaure
D:8 Erica


Innate Abilities, Weirdness & Mutations

You can breathe blasts of scalding, opaque steam.
Your pale cyan-grey scales are hard. (AC +7)
You cannot fit into any form of body armour.
You are cold-blooded and may be slowed by cold attacks.
You have a pair of horns on your head.


Message History

The bolt of poison hits you!
You are more poisoned.
You feel sick.
You hear some strange, mumbled words.
An orb of energy appears from out of thin air!
The orb of energy hits you!!
* * * LOW HITPOINT WARNING * * *
* * * LOW HITPOINT WARNING * * *
You feel sick.
You feel better.
Unknown command.
You feel agile all of a sudden.
You gain the combat prowess of a mighty hero.
You barely miss something.
You hear some strange, mumbled words.
You are confused.
You bump into the rock wall.
Something hits you!
* * * LOW HITPOINT WARNING * * *
Something burns you.
You die...

##...## #....<# ###
#.......#####.##
#..............##
#..[.....#.@....# ##
##.....#.# #...# #.
##...##.#.##..###### #. ##@#
#.#........... #. #.
#@####..###### #. . #.####..#
#. ####( #.......## #. #....
####.....## ### #####.#.##
##.......## ##.#
#........####.........####...
#..##.......'.........'......
#..#.....####.........####...
#..#.##.## ##...[...## ##..


There were no monsters in sight!

Vanquished Creatures
  Harold (D:7)
  Pikel (D:5)
  A queen bee (D:7)
  A hungry ghost (D:7)
  A slave (D:5)
  A phantom (D:7)
  3 ice beasts
  A sky beast (D:5)
  A black bear (D:7)
  3 centaurs
  2 bullfrogs (D:7)
  A scorpion (D:5)
  13 killer bees
  A water moccasin skeleton (D:6)
  5 wights
  2 bullfrog zombies
  4 crimson imps
  A centaur zombie (D:7)
  4 hounds
  2 orc priests
  6 orc wizards
  Ijyb (D:5)
  2 iguanas
  2 worker ants
  A howler monkey zombie (D:7)
  5 adders
  2 oozes (D:2)
  An adder zombie (D:7)
  An adder skeleton (D:4)
  2 worms
  A dart slug (D:1)
  2 leopard geckos
  18 orcs
  A ball python (D:3)
  4 bats
  A giant cockroach (D:4)
  9 goblins
  4 hobgoblins
  7 jackals
  4 kobolds
  3 quokkas
  2 frilled lizards
  2 quokka skeletons (D:4)
  7 rats
137 creatures vanquished.

Vanquished Creatures (collateral kills)
  Grinder (D:5)
  An adder (D:2)
  2 worms
  5 orcs
  A giant cockroach (D:4)
  A goblin (D:3)
  A quokka (D:2)
  A frilled lizard (D:2)
  3 kobolds (D:2)
16 creatures vanquished.

Vanquished Creatures (others)
  2 slaves (D:5)
2 creatures vanquished.

Grand Total: 155 creatures vanquished

Notes
Turn   | Place    | Note
-------+----------+-------------------------------------------
     0 | D:1      | Gruesph the Draconian Transmuter began the quest for the
                  | Orb.
     0 | D:1      | Reached XP level 1. HP: 16/16 MP: 3/3
   156 | D:1      | Reached XP level 2. HP: 23/23 MP: 3/5
   411 | D:1      | Reached skill level 1 in Stealth
   720 | D:1      | Learned a level 2 spell: Sticks to Snakes
  1034 | D:2      | Found an iron altar of Okawaru.
  1047 | D:2      | Reached XP level 3. HP: 20/28 MP: 1/6
  1363 | D:2      | Found a hide-covered altar of Uskayaw.
  1366 | D:2      | Found an ancient bone altar of Kikubaaqudgha.
  1689 | D:2      | Reached XP level 4. HP: 22/35 MP: 4/7
  1906 | D:2      | Found a basalt altar of Yredelemnul.
  2129 | D:2      | Became a worshipper of Warmaster Okawaru
  2152 | D:3      | Noticed Peloso's ghost (amateur DsFi)
  2250 | D:3      | Found a shimmering altar of Xom.
  2251 | D:3      | Found a shimmering altar of Xom.
  2251 | D:3      | Found a shimmering altar of Xom.
  2254 | D:3      | Found a shimmering altar of Xom.
  2255 | D:3      | Found a shimmering altar of Xom.
  2255 | D:3      | Found a shimmering altar of Xom.
  2258 | D:3      | Found a shimmering altar of Xom.
  2350 | D:3      | Reached skill level 4 in Unarmed Combat
  2512 | D:3      | Found a transporter.
  2558 | D:3      | Found a transporter.
  2863 | D:4      | Learned a level 3 spell: Spider Form
  3092 | D:4      | Noticed a centaur
  3152 | D:3      | Reached XP level 5. HP: 40/40 MP: 8/8
  3284 | D:4      | Killed a centaur
  3289 | D:4      | Reached * piety under Okawaru
  3765 | D:4      | Reached skill level 5 in Unarmed Combat
  3765 | D:4      | Reached XP level 6. HP: 34/47 MP: 9/9
  3912 | D:5      | Entered Level 5 of the Dungeon
  3940 | D:5      | Noticed Grinder
  3960 | D:5      | Paralysed by Grinder for 3 turns
  3972 | D:5      | Killed Grinder
  3972 | D:5      | Reached skill level 5 in Transmutations
  4224 | D:5      | Noticed Menkaure
  4295 | D:5      | Noticed a sky beast
  4296 | D:5      | Noticed an ice beast
  4322 | D:5      | Killed an ice beast
  4322 | D:5      | Reached ** piety under Okawaru
  4322 | D:5      | Reached skill level 1 in Poison Magic
  4322 | D:5      | Your scales start taking on a pale cyan-grey colour.
  4322 | D:5      | Reached XP level 7. HP: 24/52 MP: 4/10
  4333 | D:5      | Reached skill level 6 in Unarmed Combat
  4339 | D:5      | Learned a level 4 spell: Ice Form
  4558 | D:5      | Found Kubricih's Armour Shoppe.
  4565 | D:5      | Bought a +1 pair of boots of flying for 231 gold pieces
  4585 | D:5      | Found a shimmering blue altar of Sif Muna.
  4590 | D:5      | Noticed Ijyb
  4615 | D:5      | Killed Ijyb
  4741 | D:5      | Noticed Pikel
  5264 | D:5      | Killed Pikel
  5264 | D:5      | Reached *** piety under Okawaru
  5264 | D:5      | Reached XP level 8. HP: 9/59 MP: 6/11
  5828 | D:6      | Reached skill level 7 in Unarmed Combat
  6021 | D:6      | Reached **** piety under Okawaru
  6251 | D:6      | Found a burning altar of Makhleb.
  6886 | D:7      | Got a faintly glowing leather armour
  6936 | D:7      | Reached XP level 9. HP: 64/64 MP: 11/14
  7014 | D:7      | Reached skill level 5 in Evocations
  7080 | D:7      | Learned a level 5 spell: Blade Hands
  7126 | D:7      | Found a bloodstained altar of Trog.
  7164 | D:7      | Reached skill level 8 in Unarmed Combat
  7213 | D:7      | Found a staircase to the Ecumenical Temple.
  7236 | Temple   | Entered the Ecumenical Temple
  7400 | D:7      | Noticed Harold
  7422 | D:7      | Killed Harold
  7883 | D:7      | Found a sparkling altar of Nemelex Xobeh.
  7884 | D:7      | Found an opulent altar of Gozag.
  8102 | D:7      | Found an ornate altar of the Wu Jian Council.
  8207 | D:8      | Noticed a queen bee
  8212 | D:7      | Reached skill level 5 in Spellcasting
  8576 | D:8      | Noticed Erica
  8594 | D:7      | Reached skill level 9 in Unarmed Combat
  8895 | D:7      | Killed a queen bee
  9206 | D:8      | Found a snail-covered altar of Cheibriados.
  9261 | D:8      | Reached XP level 10. HP: 68/75 MP: 17/17
  9559 | D:8      | HP: 2/77 [something (15)]
  9559 | D:8      | Slain by Erica

Levels and vault maps discovered:
D:1:      dpeg_arrival_oval, layout_basic
D:2:      layout_loops_cross, lemuel_doored_altar,
          eat_drink_and_be_merry_uskayaw, nicolae_overflow_hidden_temple,
          okawaru_trees_1, minmay_tromino_v4_a
D:3:      layout_rooms, gammafunk_ghost_arena, minivault_23,
          minmay_misc_feat_diagonals, xom_redecorated
D:4:      layout_rooms, first_ration, bh_chokoban, st_stairs_4,
          corexii_leaking_fountain
D:5:      layout_basic, kennysheep_mini, serial_shops, nicolae_shop_trees,
          uniq_ijyb, uniq_pikel, uniq_grinder, uniq_menkaure
D:6:      layout_rooms, makhleb_heckhound_becter
D:7:      layout_cave_pools, grunt_temple_overflow_opulence,
          nicolae_overflow_crystal_walls, lemuel_round_altar,
          minmay_temple_entry_butterflies, uniq_harold
D:8:      layout_loops_corners, overflow_temple_1_default, chequers_garden,
          david_nohive_1, kennysheep_small_square, uniq_erica
Temple:   compressed_dpeg_circular_temple

Skill      XL: |  1  2  3  4  5  6  7  8  9 10 |
---------------+-------------------------------+-----
Stealth        | 1 2 |  2.0
Transmutations | 3 4 5 6 7 |  7.1
Unarmed Combat | 4 5 6 7 9 |  9.4
Poison Magic   | 1 3 |  3.4
Ice Magic      | 2 3 |  3.0
Evocations     | 2 4 5 |  5.0
Spellcasting   | 3 5 |  5.0
Fighting       | 2 3 |  3.3
Dodging        | |  1.7

Action                   |  1- 3 |  4- 6 |  7- 9 | 10-12 || total
-------------------------+-------+-------+-------+-------++-------
Melee: Unarmed           |   129 |   172 |   367 |    36 ||   704
       Tailslap          |    20 |    11 |    33 |     3 ||    67
       Punch             |     1 |     3 |    17 |     2 ||    23
       Headbutt          |     2 |    13 |    15 |     2 ||    32
       Kick              |     1 |     3 |       |       ||     4
Throw: Stone             |       |       |       |     1 ||     1
 Cast: Beastly Appendage |     8 |    10 |    11 |     1 ||    30
       Sticks to Snakes  |     8 |    17 |    20 |     3 ||    48
Invok: Heroism           |       |       |    21 |     5 ||    26
 Abil: Stop Flying       |       |       |     1 |       ||     1
Evoke: Wand              |       |       |     1 |       ||     1
  Use: Scroll            |       |    16 |     3 |       ||    19
       Potion            |       |     2 |     2 |     2 ||     6
 Stab: Sleeping          |     1 |     1 |     2 |       ||     4
       Distracted        |       |     1 |     2 |       ||     3
  Eat: Chunk             |     3 |    10 |     8 |       ||    21
       Ration            |       |       |     3 |       ||     3
Armor: Skin              |    41 |    57 |   142 |     9 ||   249
Dodge: Dodged            |    89 |   114 |   230 |    18 ||   451
Block: Other             |       |       |    65 |     3 ||    68
       Reflection        |       |       |     1 |       ||     1
